 Dungeon Crawl Stone Soup version 0.21.1-1-g345015fe64 (webtiles) character file.

11918 Ivernyr the Ogre Mage (level 11, -2/119 HPs)
             Began as an Ogre Wizard on May 10, 2018.
             Was a Priest of Sif Muna.
             Splashed by a jelly's acid (7 damage)
             ... on level 11 of the Dungeon.
             The game lasted 01:32:56 (23473 turns).

Ivernyr the Ogre Mage (Ogre Wizard)                Turns: 23473, Time: 01:32:57

Health: -2/119     AC:  4    Str: 13    XL:     11   Next: 85%
Magic:  19/28      EV: 10    Int: 22    God:    Sif Muna [***...]
Gold:   564        SH:  0    Dex:  7    Spells: 27/36 levels left

rFire    . . .     SeeInvis .   q - +4 spear
rCold    + . .     Gourm    .   (no shield)
rNeg     . . .     Faith    .   a - +0 robe
rPois    .         Spirit   .   b - +0 hat
rElec    .         Reflect  .   u - +0 cloak
rCorr    .         Harm     .   (gloves unavailable)
MR       ++...                  (boots unavailable)
Stlth    +.........             (no amulet)
HPRegen  0.29/turn              t - ring of protection from magic
MPRegen  0.21/turn              E - ring of protection from cold

@: barbed spikes, divine energy
A: large, unfitting armour, tough skin 1
a: Stop Divine Energy, Channel Magic, Renounce Religion


You were on level 11 of the Dungeon.
You worshipped Sif Muna.
Sif Muna was most pleased with you.
You were near starving.

You visited 3 branches of the dungeon, and saw 13 of its levels.

You collected 564 gold pieces.

Inventory:

Hand Weapons
 q - a +4 spear (weapon)
Armour
 a - a +0 robe (worn)
 b - a +0 hat (worn)
 u - a +0 cloak (worn)
Jewellery
 t - a ring of protection from magic (left hand)
 y - an uncursed ring of positive energy
 E - a ring of protection from cold (right hand)
Wands
 v - a wand of enslavement (9)
 C - a wand of flame (11)
 F - a wand of digging (14)
Scrolls
 c - 5 scrolls of identify {unknown}
 e - 5 scrolls of teleportation {unknown}
 g - 6 scrolls of remove curse
 h - 5 scrolls of fear {unknown}
 i - 4 scrolls of random uselessness {unknown}
 j - 5 scrolls of amnesia {unknown}
 k - 3 scrolls of immolation {unknown}
 l - a scroll of blinking {unknown}
 n - 3 scrolls of enchant weapon {unknown}
 x - a scroll of enchant armour {unknown}
 D - a scroll of fog {unknown}
Potions
 f - 2 potions of lignification {unknown}
 m - a potion of agility {unknown}
 o - 5 potions of curing {unknown}
 p - 3 potions of mutation {unknown}
 r - 3 potions of heal wounds
 s - a potion of might {unknown}
 w - a potion of brilliance {unknown}
 z - a potion of haste
 A - a potion of invisibility {unknown}
 B - 5 potions of degeneration {unknown}
Comestibles
 d - 12 rations


   Skills:
 + Level 10.9 Fighting
 - Level 2.0 Dodging
 - Level 1.4 Stealth
 * Level 13.3 Spellcasting
 + Level 7.9 Conjurations
   Level 0.8 Summonings
 - Level 0.8 Translocations
 + Level 7.8 Invocations


You had 27 spell levels left.
You knew the following spells:

 Your Spells              Type           Power        Failure   Level  Hunger
a - Magic Dart            Conj           ####         1%          1    None
b - Blink                 Tloc           N/A          4%          2    None
c - Conjure Flame         Conj/Fire      ####....     2%          3    None
d - Mephitic Cloud        Conj/Pois/Air  ####....     4%          3    None


Dungeon Overview and Level Annotations

Branches:
Dungeon (11/15)            Temple (1/1) D:6            Lair (1/6) D:11
    Orc: D:9-12

Altars:
Ashenzari
Cheibriados
Dithmenos
Elyvilon
Fedhas
Gozag
Hepliaklqana
Kikubaaqudgha
Makhleb
Nemelex Xobeh
Okawaru
Qazlal
Ru
Sif Muna
Trog
Uskayaw
Vehumet
Wu Jian
Xom
Yredelemnul
Zin
The Shining One

Shops:
D:9 [

Annotations:
D:3 Freyura's ghost, amateur GnMo


Innate Abilities, Weirdness & Mutations

You are too large for most types of armour.
You have tough skin. (AC +1)


Message History

* * * LOW HITPOINT WARNING * * *
The manticore claws you!
* * * LOW HITPOINT WARNING * * *
You hit the manticore.
The manticore is almost dead.
The manticore is engulfed in blazing flames.
You kill the manticore!
Sif Muna accepts your kill.
An orc comes into view. It is wielding a club.
Okay, then.
Casting: Conjure Flame
Confirm with . or Enter, or press ? or * to list all spells.
You miscast Blink.
Sif Muna protects you from the effects of your miscast!
The orc shouts!
You hear a howl!
The jelly is engulfed in blazing flames.
The jelly hits you.
* * * LOW HITPOINT WARNING * * *
You are splashed with acid!
The acid burns!
You die...

#.#.#.# ## #.#####.#.#.#
.. #.......#...# .#
##########.#.#.#..#
.......<†.....<...#
##########.######.#
#.#.. ####)#.#
####....#@####
#.....###J#..#
###......##)#..#
##......P.P.....# #
#............#.##.#####
##.....[......#.........
#.PhP)h.P......###.####.
##.....#'##P.oPP# #
#..P...#..#P.P..##


You could see a jelly and an orc.

Vanquished Creatures
  Erica (D:8)
  2 two-headed ogres
  The ghost of hofbold the Skirmisher, a novice DsGl of Hepliaklqana (D:9)
  Pikel (D:7)
  An ugly thing (D:11)
  3 manticores
  5 gargoyles
  A troll (D:9)
  Prince Ribbit (D:8)
  2 hippogriffs
  A centaur simulacrum (D:11)
  A wyvern (D:7)
  2 hungry ghosts
  3 sky beasts
  3 orc warriors
  2 ice beasts
  An eye of draining (D:10)
  7 ogres
  2 phantoms
  2 centaurs (D:9)
  3 wolves (D:11)
  3 big kobolds
  A crocodile (D:11)
  5 bullfrogs
  3 scorpions
  5 wights
  3 killer bees
  3 howler monkeys
  A jelly (D:11)
  2 bullfrog zombies
  2 crimson imps
  6 hounds
  5 orc priests
  2 centaur skeletons
  11 orc wizards
  An iguana (D:9)
  7 worker ants
  2 hound zombies
  2 hound skeletons
  A howler monkey zombie (D:6)
  3 worker ant zombies
  11 adders
  4 shadow imps
  2 oozes (D:1)
  2 adder skeletons
  4 worms
  A dart slug (D:4)
  5 leopard geckos
  38 orcs
  6 giant cockroaches
  6 goblins (D:2)
  12 hobgoblins
  13 jackals
  2 quokkas (D:2)
  3 ball pythons
  7 bats
  6 frilled lizards
  17 kobolds
  A leopard gecko skeleton (D:4)
  A leopard gecko zombie (D:7)
  12 rats
266 creatures vanquished.

Vanquished Creatures (others)
  A jelly (D:8)
  5 fungi (D:11)
  5 plants (D:11)
11 creatures vanquished.

Grand Total: 277 creatures vanquished

Notes
Turn   | Place    | Note
-------+----------+-------------------------------------------
     0 | D:1      | Ivernyr the Ogre Wizard began the quest for the Orb.
     0 | D:1      | Reached XP level 1. HP: 16/16 MP: 5/5
   108 | D:1      | Reached skill level 1 in Conjurations
   377 | D:1      | Reached skill level 4 in Spellcasting
   377 | D:1      | Reached XP level 2. HP: 24/24 MP: 0/7
   733 | D:1      | Reached XP level 3. HP: 14/32 MP: 0/8
   965 | D:1      | Reached skill level 1 in Fighting
  1529 | D:1      | Learned a level 2 spell: Blink
  1533 | D:1      | Learned a level 3 spell: Conjure Flame
  1537 | D:1      | Learned a level 3 spell: Mephitic Cloud
  2522 | D:2      | Reached XP level 4. HP: 41/41 MP: 7/10
  3490 | D:2      | Reached skill level 5 in Spellcasting
  3993 | D:2      | Reached XP level 5. HP: 49/49 MP: 8/12
  5038 | D:3      | Noticed Freyura's ghost (amateur GnMo)
  5567 | D:3      | Found a shattered altar of Ashenzari.
  6450 | D:4      | Reached XP level 6. HP: 54/61 MP: 6/14
  6802 | D:4      | Reached skill level 6 in Spellcasting
  6994 | D:5      | Entered Level 5 of the Dungeon
  7113 | D:5      | Noticed a sky beast
  7394 | D:5      | Killed a sky beast
  7394 | D:5      | Reached XP level 7. HP: 12/70 MP: 5/16
  7883 | D:5      | Reached skill level 7 in Spellcasting
  7988 | D:5      | Noticed a hand axe
  7989 | D:5      | Noticed a hand axe
  7992 | D:5      | Found a hide-covered altar of Uskayaw.
  8657 | D:6      | Reached skill level 5 in Fighting
  8868 | D:6      | Reached XP level 8. HP: 81/81 MP: 15/19
  9061 | D:6      | Reached skill level 8 in Spellcasting
  9220 | D:6      | Found a staircase to the Ecumenical Temple.
  9227 | Temple   | Entered the Ecumenical Temple
  9324 | Temple   | Became a worshipper of Sif Muna the Loreminder
  9702 | D:6      | Reached skill level 1 in Invocations
 10510 | D:7      | Reached skill level 9 in Spellcasting
 10649 | D:7      | Reached XP level 9. HP: 63/92 MP: 15/22
 11326 | D:8      | Reached skill level 5 in Conjurations
 11415 | D:8      | Noticed Prince Ribbit
 11431 | D:8      | Reached * piety under Sif Muna
 11559 | D:8      | Killed Prince Ribbit
 11899 | D:8      | Noticed Pikel
 11899 | D:8      | Noticed Erica
 12818 | D:7      | Reached skill level 10 in Spellcasting
 12936 | D:7      | Killed Pikel
 13186 | D:8      | Killed Erica
 13186 | D:8      | Reached skill level 5 in Invocations
 13186 | D:8      | Reached XP level 10. HP: 83/106 MP: 20/24
 13325 | D:8      | Reached ** piety under Sif Muna
 13334 | D:8      | Reached skill level 11 in Spellcasting
 13774 | D:9      | Found Sima Qul's Armour Shoppe.
 14088 | D:9      | Noticed a two-headed ogre
 14102 | D:9      | Killed a two-headed ogre
 14118 | D:9      | Noticed hofbold's ghost (novice DsGl)
 14146 | D:9      | Killed hofbold's ghost
 15132 | D:10     | Entered Level 10 of the Dungeon
 15332 | D:10     | Reached skill level 12 in Spellcasting
 15540 | D:10     | Noticed a two-headed ogre
 15562 | D:10     | Killed a two-headed ogre
 15562 | D:10     | Reached *** piety under Sif Muna
 15562 | D:10     | Reached XP level 11. HP: 117/117 MP: 7/27
 15728 | D:10     | Noticed a manticore
 15747 | D:10     | Killed a manticore
 15747 | D:10     | Reached skill level 10 in Fighting
 22346 | D:11     | Noticed a manticore
 22346 | D:11     | Noticed a green ugly thing
 22354 | D:11     | Killed a manticore
 22354 | D:11     | Reached skill level 13 in Spellcasting
 22879 | D:11     | Killed a green ugly thing
 23063 | D:11     | Found a staircase to the Lair.
 23186 | Lair:1   | Entered Level 1 of the Lair of Beasts
 23440 | D:11     | Noticed a manticore
 23471 | D:11     | HP: 5/119 [manticore (14)]
 23472 | D:11     | Killed a manticore
 23473 | D:11     | Splashed by a jelly's acid

Skill      XL: |  1  2  3  4  5  6  7  8  9 10 11 |
---------------+----------------------------------+-----
Conjurations   | 1 2 3 4 6 7 |  7.9
Dodging        | 2 |  2.0
Spellcasting   | 4 5 6 7 9 10 12 13 | 13.3
Fighting       | 1 2 3 4 5 6 8 9 10 | 10.9
Invocations    | 2 5 6 7 |  7.8
Stealth        | |  1.4
Summonings     | |  0.8
Translocations | |  0.8

Action                   |  1- 3 |  4- 6 |  7- 9 | 10-12 || total
-------------------------+-------+-------+-------+-------++-------
Melee: Unarmed           |    47 |     5 |       |       ||    52
       Spear             |       |     6 |    74 |   326 ||   406
       Trident           |       |    39 |    12 |       ||    51
 Cast: Magic Dart        |   111 |   288 |   301 |   616 ||  1316
       Mephitic Cloud    |     1 |     5 |     7 |    13 ||    26
       Conjure Flame     |       |     6 |     8 |    61 ||    75
       Blink             |       |       |    14 |    13 ||    27
Invok: Channel Magic     |       |       |       |     1 ||     1
       Divine Energy     |       |       |       |     1 ||     1
  Use: Scroll            |       |       |       |     1 ||     1
 Stab: Sleeping          |     1 |       |       |       ||     1
       Confused          |       |       |       |     2 ||     2
  Eat: Chunk             |     4 |    13 |    11 |    12 ||    40
       Ration            |       |     1 |     2 |     6 ||     9
Armor: Robe              |    17 |    39 |    39 |    38 ||   133
Dodge: Dodged            |    42 |    69 |    78 |   119 ||   308
